AoeStats
← 牛油果

Nomad

508203490Analyzed
4v4 RM · 11d ago on Sep 21, 2026· 41m 37s· 8 players
Game mode
Random Map
Map size
231×231
Population
200
Speed
Normal
Resources
Standard
Victory
Conquest
Starting age
Dark Age
Ending age
Imperial Age
RankedLock teamsTeams togetherTeam positionsShared explorationLock speedFull tech treeHidden civsTurbo modeCheats
Victory
Defeat
🇭🇰 Tupi · Hong Kong SAR China
1706
+17
🇭🇰 Spanish · Hong Kong SAR China
1676
+18
🇹🇼 Portuguese · Taiwan
1582
+21
🇭🇰 Dravidians · Hong Kong SAR China
1576
+21
🇨🇳 Muisca · China
1880
-26
🇨🇳 Aztecs · China
1776
-22
🇨🇳 Mapuche · China
1604
-15
🇨🇳 Persians · China
1586
-14
好奇小牛
3:21 Loom
12:58 Feudal Age
17:45 Castle Age
17:26 Double-Bit Axe
20:27 Town Watch
23:58 Fletching
Sakmelo
13:16 Feudal Age
16:58 Castle Age
15:37 Double-Bit Axe
16:52 Loom
16:59 Gold Mining
18:34 Fletching
19:41 Bodkin Arrow
27:53 Ballistics
29:40 Padded Archer Armor
39:19 Imperial Age
37:59 Bow Saw
37:30 Horse Collar
39:48 Leather Archer Armor
40:20 Bracer
41:43 Conscription
牛油果
15:37 Feudal Age
16:27 Double-Bit Axe
16:22 Fishing Lines
19:40 Castle Age
18:16 Forging
19:54 Demolition Ship
20:47 Medium Warships
20:52 Bow Saw
20:33 Gillnets
22:44 Loom
24:25 Wheelbarrow
24:23 Horse Collar
26:59 Town Watch
28:43 Hand Cart
35:12 Imperial Age
32:55 Fletching
33:27 Bodkin Arrow
33:08 Elite Skirmisher
34:07 Padded Archer Armor
35:07 Ballistics
36:08 Bracer
37:17 Chemistry
37:55 Leather Archer Armor
39:01 Masonry
_luN
5:14 Loom
12:32 Feudal Age
13:27 Double-Bit Axe
21:11 Castle Age
25:29 Horse Collar
31:57 Padded Archer Armor
32:34 Wheelbarrow
32:59 Wheelbarrow
36:08 Gold Mining
39:01 Imperial Age
36:57 Leather Archer Armor
37:11 Stone Mining
38:22 Town Watch
39:51 Bloodlines
39:41 Husbandry
39:20 Cavalier
41:11 Scale Barding Armor
41:17 Forging
42:19 Chain Barding Armor
SaKuRuaba Ema
11:22 Feudal Age
12:14 Double-Bit Axe
13:22 Loom
17:15 Fishing Lines
19:29 Town Watch
24:06 Castle Age
23:29 Gold Mining
24:46 Medium Warships
24:27 Gillnets
24:48 Bow Saw
24:53 Horse Collar
25:36 Forging
28:18 Wheelbarrow
27:44 Demolition Ship
30:19 Hand Cart
32:34 Gold Shaft Mining
35:04 Imperial Age
33:18 Scale Barding Armor
33:49 Iron Casting
34:58 Bloodlines
34:48 Husbandry
34:47 Cavalier
35:48 Chain Barding Armor
35:24 Cavalier
37:04 Plate Barding Armor
36:26 Stone Mining
38:30 Blast Furnace
38:10 Savar
38:45 Capped Ram
39:01 Light Cavalry
40:42 Guilds
41:03 Coinage
40:26 Siege Ram
41:43 Conscription
DZT_白霜魔头
3:18 Loom
15:06 Feudal Age
15:50 Double-Bit Axe
18:40 Castle Age
17:05 Fishing Lines
19:32 Medium Warships
19:51 Bow Saw
19:46 Padded Archer Armor
19:36 Fletching
20:38 Town Watch
25:04 Bodkin Arrow
29:09 Leather Archer Armor
39:31 Wheelbarrow
39:24 Horse Collar
CNZS_Dadaya
13:59 Feudal Age
12:47 Loom
14:42 Double-Bit Axe
14:50 Fishing Lines
17:49 Castle Age
15:47 Gold Mining
17:53 Fletching
19:33 Bow Saw
22:24 Gillnets
24:28 Bodkin Arrow
30:17 Horse Collar
32:00 Town Watch
32:55 Wheelbarrow
38:05 Hand Cart
40:54 Imperial Age
39:13 Gold Shaft Mining
39:25 Caravan
39:32 Padded Archer Armor
40:09 Heavy Plow
40:00 Stone Mining
40:24 Malon
41:31 Leather Archer Armor
41:06 Elite Bolas Rider
42:50 Chemistry
42:13 Ballistics
哲别
4:59 Loom
14:25 Feudal Age
18:17 Castle Age
17:15 Double-Bit Axe
18:22 Forging
19:11 Medium Warships
19:32 Bow Saw
23:37 Wheelbarrow
24:36 Horse Collar
29:36 Redemption
29:27 Gold Mining
30:29 Hand Cart
31:03 Sanctity
31:58 Fervor
35:26 Imperial Age
33:06 Stone Mining
34:25 Gold Shaft Mining
35:29 Stone Shaft Mining
35:36 Town Watch
36:34 Block Printing
36:59 Theocracy
36:45 Scale Mail Armor
37:02 Heavy Plow
37:14 Devotion
37:41 Illumination
36:56 Onager
39:11 Siege Engineers
40:57 Conscription
40:45 Fletching
40:46 Siege Onager
42:01 Bodkin Arrow
43:09 Chemistry
Connection lost

Rejoining the realm…

Still unreachable

The connection could not be restored.

Session expired

The server has moved on; the page needs a fresh start.